 Dungeon Crawl Stone Soup version 0.31-a0-833-gc15d34cb79 (webtiles) character file.

Game seed: 5945687880389777720

114 Kurtz the Chopper (level 4, -2/31 HPs)
             Began as an Octopode Fighter on Sept 25, 2023.
             Killed by divine providence
             ... invoked by an orc priest
              (10 damage)
             ... on level 3 of the Dungeon.
             The game lasted 00:01:12 (2079 turns).

Kurtz the Chopper (Octopode Fighter)                Turns: 2079, Time: 00:01:13

Health: -2/31      AC:  1    Str: 15    XL:     4   Next: 98%
Magic:  4/4        EV: 13    Int: 10    God:
Gold:   97         SH:  4    Dex: 13    Spells: 3/3 levels left

rFire   . . .        a - +0 war axe
rCold   . . .        b - +0 buckler
rNeg    . . .        (helmet restricted)
rPois   .            (no amulet)
rElec   .            (no ring)
rCorr   .            (no ring)
SInv    .            (no ring)
Will    .....        (no ring)
Stlth   ++           (no ring)
HPRegen 0.25/turn    (no ring)
MPRegen 0.09/turn    (no ring)
                     (no ring)

%: no passive effects
@: no status effects
A: almost no armour, amphibious, 8 rings, camouflage 1, gelatinous body 1,
(nimble swimmer 1), tentacles
a: no special abilities


You were on level 3 of the Dungeon.
You visited 1 branch of the dungeon, and saw 3 of its levels.

You collected 122 gold pieces.
You spent 25 gold pieces at shops.

Inventory:

Hand Weapons
 a - a +0 war axe (weapon)
Missiles
 l - 5 poisoned darts
Armour
 b - a +0 buckler (worn)
Jewellery
 m - a ring of see invisible
Wands
 n - a wand of charming (6)
Scrolls
 d - a scroll of blinking {unknown}
 g - a scroll of poison {unknown}
 i - a scroll of vulnerability {unknown}
 k - a scroll of enchant weapon {unknown}
 o - a scroll of immolation {unknown}
 p - a scroll of noise {unknown}
Potions
 c - a potion of might
 e - 2 potions of cancellation {unknown}
 f - 2 potions of mutation {unknown}
 h - a potion of resistance {unknown}
 j - a potion of invisibility {unknown}
 q - 2 potions of curing {unknown}


   Skills:
 - Level 3.0 Fighting
 * Level 5.0 Axes
 - Level 3.0 Dodging
 - Level 3.0 Shields


You had 3 spell levels left.
You didn't know any spells.
Your spell library was empty.

Dungeon Overview and Level Annotations

Branches:
Dungeon (3/15)

Altars:

Shops:
D:3 *

Annotations:
D:2 1 runed translucent door, Crazy Yiuf


Innate Abilities, Weirdness & Mutations

You cannot wear most types of armour.
You are amphibious.
You can wear up to eight rings at the same time.
Your skin changes colour to match your surroundings (Stealth+).
Your rubbery body absorbs attacks. (AC +1, EV +1)
((You are camouflaged when in or above water. (Stealth+)))
You have tentacles for arms and can constrict up to eight enemies at once.


Message History

There are monsters nearby!
An orc comes into view. It is wielding a +0 whip.
An orc comes into view. It is wielding a +0 club.
There are monsters nearby!
The orc shouts! x2; You hear a shout! x3
There are monsters nearby!
The orc wizard shouts!
You hear a shout!
An orc comes into view. It is wielding a +0 mace.
The orc hits you with a +0 whip!
You see here 4 boomerangs.
There are monsters nearby!
You hit the orc wizard but do no damage.
You grab the orc wizard. You slash the orc!
You kill the orc!
You closely miss the orc.
You constrict the orc wizard, but do no damage.
The orc closely misses you.
The orc wizard hits you with a +0 dagger.
Your Axes skill increases to level 5!
You slash the orc wizard!
The orc wizard is severely wounded.
You hit the orc but do no damage. You constrict the orc wizard.
The orc barely misses you.
An orc priest comes into view. It is wielding a +0 short sword.
The orc wizard barely misses you.
You hit the orc wizard but do no damage.
You squeeze the orc wizard, but do no damage.
The orc wizard is almost dead.
You barely miss the orc. You constrict the orc wizard.
The orc completely misses you.
The orc wizard hits you with a +0 dagger.
Unknown command.
You slash the orc wizard!
You kill the orc wizard!
You hit the orc. x2; The orc hits you with a +0 whip.
The orc hits you with a +0 club.
* * * LOW HITPOINT WARNING * * *
The orc priest mumbles some strange prayers to Beogh against you.
Beogh smites you!
You die...

##<.......##
#........
##......##
##.#......
########
#..##.#...
#.........
###.........
###...........
#.............
#####..#..........
......o@..........
......o)).........
......o.#........
.................
###.o###########
.... .... ....


You could see an orc priest and 3 orcs.

Vanquished Creatures
  Jessica (D:2)
  An orc wizard (D:3)
  2 adders (D:3)
  2 worms (D:2)
  11 orcs (D:3)
  4 endoplasms
  4 giant cockroaches
  A goblin (D:2)
  4 hobgoblins
  3 jackals (D:2)
  6 ball pythons
  6 bats
  3 frilled lizards
  4 kobolds
  5 rats
57 creatures vanquished.

Notes
Turn   | Place    | Note
-------+----------+-------------------------------------------
     0 | D:1      | Kurtz the Octopode Fighter began the quest for the Orb.
     0 | D:1      | Reached XP level 1. HP: 16/16 MP: 1/1
   122 | D:1      | Reached XP level 2. HP: 21/21 MP: 2/2
   502 | D:1      | Reached skill level 3 in Axes
   831 | D:2      | Found a faded altar of an unknown god.
   950 | D:2      | Reached XP level 3. HP: 24/26 MP: 3/3
  1200 | D:2      | Noticed Jessica
  1213 | D:2      | Killed Jessica
  1214 | D:2      | Reached skill level 4 in Axes
  1214 | D:2      | Reached XP level 4. HP: 31/31 MP: 4/4
  1535 | D:2      | Found a runed translucent door.
  1536 | D:2      | Noticed Crazy Yiuf
  1778 | D:3      | Found Uloujuuc's Assorted Antiques.
  1795 | D:3      | Bought a scroll labelled ZIETRA BAAC for 25 gold pieces
  2077 | D:3      | Reached skill level 5 in Axes
  2079 | D:3      | Killed from afar by an orc priest

Illustrated notes

Levels and vault maps discovered:
D:1:      dpeg_arrival_more_subterranean_lakeside_camping, layout_basic,
          grunt_decor_mini_mirrors
D:2:      layout_loops_ring, dreamdust_ecumenical_altar_statues, uniq_jessica,
          uniq_crazy_yiuf_cottage
D:3:      layout_rooms, mainiacjoe_overflow_chevrons,
          mainiacjoe_overflow_alcove_1, serial_shops,
          nicolae_shop_just_a_little_nook

Skill      XL: |  1  2  3  4 |
---------------+-------------+-----
Axes           | 3 4 5 |  5.0
Fighting       | |  3.0
Dodging        | |  3.0
Shields        | |  3.0

Action                     |  1- 3 |  4- 6 || total
---------------------------+-------+-------++-------
  Melee: War axe           |    49 |    48 ||    97
         Constrict         |    13 |    13 ||    26
         Tentacles         |    10 |    11 ||    21
         Punch             |     1 |       ||     1
   Stab: Sleeping          |     8 |     3 ||    11
 Armour: Skin              |    18 |    18 ||    36
  Dodge: Dodged            |    34 |    26 ||    60
  Block: Buckler           |     8 |    11 ||    19

Table legend: (Time is in decaauts)
 A = Elapsed time spent in this place.
 B = Non-inter-level travel time spent in this place.
 C = Inter-level travel time spent in this place.
 D = Time resting spent in this place.
 E = Time spent auto-exploring this place.
 F = Levels seen in this place.
 G = Mean time per level.
                   A        B        C        D        E       F      G
               +--------+--------+--------+--------+--------+-----+--------+
         Total |   2112 |   1961 |    151 |     47 |   1552 |   3 |  704.0 |
       Dungeon |   2112 |   1961 |    151 |     47 |   1552 |   3 |  704.0 |
               +--------+--------+--------+--------+--------+-----+--------+

Top non-repeatable levels by time:
     D:2: 974 daAuts
     D:1: 825 daAuts
     D:3: 312 daAuts
